 Dungeon Crawl Stone Soup version 0.23.1-37-gaa34b87b72 (webtiles) character file.

Game seed: 1010638162445958550

60 MisterOstroum the Shooter (level 4, 0/25 HPs)
             Began as a Tengu Wanderer on Mar 22, 2019.
             Slain by a goblin
             ... wielding a cursed +0 club
              (2 damage)
             ... on level 2 of the Dungeon.
             The game lasted 00:09:58 (1327 turns).

MisterOstroum the Shooter (Tengu Wanderer)          Turns: 1327, Time: 00:09:58

Health: 0/25       AC:  2    Str: 12    XL:     4   Next: 6%
Magic:  5/5        EV: 14    Int: 12    God:
Gold:   25         SH:  0    Dex: 15    Spells: 2/3 levels left

rFire    + . .     SeeInvis .   c - +0 hand axe
rCold    + . .     Gourm    .   (no shield)
rNeg     . . .     Faith    .   e - +0 robe
rPois    .         Spirit   .   (helmet restricted)
rElec    .         Reflect  .   n - scarf {rC+ rF+}
rCorr    .         Harm     .   (no gloves)
MR       .....                  (boots unavailable)
Stlth    ++........             (no amulet)
HPRegen  0.08/turn              o - +3 ring of evasion
MPRegen  0.09/turn              (no ring)

@: very slightly contaminated
A: beak, talons 3
a: no special abilities


You were on level 2 of the Dungeon.
You were not hungry.

You visited 1 branch of the dungeon, and saw 2 of its levels.

You collected 25 gold pieces.

Inventory:

Hand Weapons
 a - a +2 shortbow
 c - a +0 hand axe (weapon)
Missiles
 b - 61 arrows
 m - 9 poisoned needles
Armour
 e - a +0 robe (worn)
 n - a scarf of resistance (worn)
Jewellery
 o - a +3 ring of evasion (left hand)
Scrolls
 g - a scroll of teleportation
 h - a scroll of remove curse
 k - 2 scrolls of identify {unknown}
Potions
 i - 2 potions of curing
 l - a potion of degeneration {unknown}
Comestibles
 f - 3 rations


   Skills:
 - Level 1.3 Fighting
 + Level 3.6 Bows
 - Level 1.1 Armour
 - Level 1.0 Stealth
 - Level 3.0 Summonings
   Level 3.0 Poison Magic
   Level 1.0 Evocations


You had 2 spell levels left.
You knew the following spells:

 Your Spells              Type           Power        Failure   Level  Hunger
a - Summon Small Mammal   Summ           #...         10%         1    ##.....

Your spell library contained the following spells:

 Spells                   Type           Power        Failure   Level  Hunger
 Call Canine Familiar     Summ           #.......     28%         3    ####...


Dungeon Overview and Level Annotations

Branches:
Dungeon (2/15)

Altars:
Ashenzari

Annotations:
D:2 Robin


Innate Abilities, Weirdness & Mutations

You have a beak for a mouth.
You have claws for feet.


Message History

Aim: an adder You shoot an arrow.
The arrow closely misses the adder.
You feel sick. The adder misses you.
Wield which item (- for none, * to show all)? (? for menu, Esc to quit)
c - a +0 hand axe (weapon)
The adder bites you.
* * * LOW HITPOINT WARNING * * *
It was a potion of curing.
You feel better. The adder bites you. Robin throws the goblin at you!
The goblin hits you with a cursed +0 club!
* * * LOW HITPOINT WARNING * * *
You hit the adder. You claw the adder.
The adder is heavily wounded.
You barely miss the goblin. The adder barely misses you. x2
The goblin barely misses you.
You closely miss the adder. Your kick misses the adder. You peck the adder.
The adder is severely wounded.
You closely miss the goblin. The adder bites you but does no damage.
The goblin hits you with a cursed +0 club.
You die...

..... ##..#)# ......
.#.##g#####.##
......###.#.##.).......
.^........#..gg.####..!
#..........##.....#
#...........†..g..#
#.............#g###
#..........####S#
#..........## #@#
#.......###.# #g#
#.......# #.# #.#
#..=....# #.# #.#######
#...##+####.###........
######......#.÷.#######
####..#.#.# #.......#.#
#.##..###.#


You could see Robin, an adder, a hobgoblin and 4 goblins.

Vanquished Creatures
  A gnoll (D:1)
  2 dart slugs (D:1)
  2 leopard geckos (D:1)
  9 bats
  3 giant cockroaches
  7 goblins
  7 hobgoblins
  5 kobolds
  A frilled lizard (D:1)
  3 rats
40 creatures vanquished.

Notes
Turn   | Place    | Note
-------+----------+-------------------------------------------
     0 | D:1      | MisterOstroum the Tengu Wanderer began the quest for the
                  | Orb.
     0 | D:1      | MisterOstroum set off with the following items: a +2
                  | shortbow, 25 arrows, a +0 hand axe, a +0 robe, a ration;
                  | and the following spell memorised: Summon Small Mammal; and
                  | the following spells available to memorise: Call Canine
                  | Familiar
     0 | D:1      | Reached XP level 1. HP: 12/12 MP: 2/2
   324 | D:1      | Reached XP level 2. HP: 16/16 MP: 3/3
   601 | D:1      | Reached XP level 3. HP: 20/20 MP: 4/4
   610 | D:1      | Found a shattered altar of Ashenzari.
  1294 | D:2      | Reached XP level 4. HP: 25/25 MP: 5/5
  1310 | D:2      | Noticed Robin
  1327 | D:2      | Slain by a goblin

Skill      XL: |  1  2  3 |
---------------+----------+-----
Summonings     | 3 |  3.0
Bows           | 2 3 |  3.6
Fighting       | |  1.3
Armour         | |  1.1
Stealth        | |  1.0
Poison Magic   | |  3.0
Evocations     | |  1.0

Action                   |  1- 3 |  4- 6 || total
-------------------------+-------+-------++-------
Melee: Hand axe          |     6 |     2 ||     8
       Kick              |     2 |     1 ||     3
       Peck              |     2 |     1 ||     3
 Fire: Shortbow          |    73 |    10 ||    83
 Cast: Summon Small Mamm |     1 |     1 ||     2
  Use: Scroll            |     3 |       ||     3
       Potion            |       |     1 ||     1
  Eat: Chunk             |     1 |       ||     1
Armor: Robe              |     6 |     1 ||     7
Dodge: Dodged            |    11 |    12 ||    23
